 Dungeon Crawl Stone Soup version 0.23.0-3-gf3c87f2df8 (webtiles) character file.

Game seed: 13317181199132236001

67 Bapho the Magician (level 4, 0/24 HPs)
             Began as a Deep Elf Wizard on Feb 22, 2019.
             Was an Initiate of Vehumet.
             Killed by divine providence
             ... invoked by an orc priest
              (9 damage)
             ... on level 3 of the Dungeon.
             The game lasted 00:05:22 (2510 turns).

Bapho the Magician (Deep Elf Wizard)                Turns: 2510, Time: 00:05:22

Health: 0/24       AC:  2    Str:  4    XL:     4   Next: 0%
Magic:  9/14       EV: 13    Int: 28    God:    Vehumet [......]
Gold:   50         SH:  0    Dex: 13    Spells: 2/15 levels left

rFire    . . .     SeeInvis .   c - +0 short sword
rCold    . . .     Gourm    .   (no shield)
rNeg     . . .     Faith    .   a - +0 robe
rPois    .         Spirit   .   b - +0 hat
rElec    .         Reflect  .   (no cloak)
rCorr    .         Harm     .   (no gloves)
MR       .....                  (no boots)
Stlth    ++........             (no amulet)
HPRegen  0.08/turn              h - +4 ring of intelligence
MPRegen  0.14/turn              (no ring)

@: no status effects
A: no striking features
a: Renounce Religion


You were on level 3 of the Dungeon.
You worshipped Vehumet.
Vehumet was noncommittal.
You were not hungry.

You visited 1 branch of the dungeon, and saw 3 of its levels.

You collected 50 gold pieces.

Inventory:

Hand Weapons
 c - a +0 short sword (weapon)
Armour
 a - a +0 robe (worn)
 b - a +0 hat (worn)
Jewellery
 h - a +4 ring of intelligence (left hand)
Scrolls
 e - 3 scrolls of remove curse {unknown}
 f - a scroll of fear {unknown}
 g - 3 scrolls of teleportation {unknown}
 o - a scroll of identify {unknown}
Potions
 i - a potion of lignification {unknown}
 j - 2 potions of mutation {unknown}
 k - a potion of haste {unknown}
 l - a potion of invisibility {unknown}
 n - a potion of agility {unknown}
Comestibles
 d - 8 rations
 m - 2 chunks of flesh


   Skills:
 - Level 2.4 Dodging
 - Level 2.4 Stealth
 * Level 6.1 Spellcasting
 + Level 2.4 Conjurations
 - Level 1.1 Summonings
 - Level 1.1 Translocations


You had 2 spell levels left.
You knew the following spells:

 Your Spells              Type           Power        Failure   Level  Hunger
a - Magic Dart            Conj           ###.         2%          1    None
b - Blink                 Tloc           N/A          6%          2    None
c - Call Imp              Summ           ##......     6%          2    None
d - Slow                  Hex            #.......     9%          2    None
e - Conjure Flame         Conj/Fire      ###.....     11%         3    None
f - Mephitic Cloud        Conj/Pois/Air  ##......     13%         3    None

Your spell library contained the following spells:

 Spells                   Type           Power        Failure   Level  Hunger


Dungeon Overview and Level Annotations

Branches:
Dungeon (3/15)

Altars:
Nemelex Xobeh
Okawaru
Vehumet


Message History

You kill the orc!
Vehumet accepts your kill.
You have reached level 4!
You feel clever.
An orc comes into view. It is wielding a +0 dagger.
You see here an orc corpse.
Casting: Magic Dart (safe; 2% risk of failure)
Confirm with . or Enter, or press ? or * to list all spells.
Aiming: Magic Dart (safe; 2% risk of failure)
Press: ? - help, Shift-Dir - straight line, f - orc priest
Aim: an orc priest, wielding a +0 dagger The magic dart hits the orc priest.
The orc priest is moderately wounded.
The orc priest calls down the wrath of Beogh upon you.
Pain shoots through your body!
The orc priest invokes the aid of Beogh against you.
Pain shoots through your body!
The orc priest calls down the wrath of Beogh upon you.
Beogh smites you!
You die...

#........# ##.## #..#
####.##### #.######..#
#.# #.o.oo.o..# ##'##
##o######........#
##...##
#......##..)......
##.....##
#.#....##.##...###
##.......## ##...#..##.#
....#
#.........####...##..##..
.?...#
+.........'....@.........
8.8..
#.........####÷..........
...?. ##.......##
##.####.##.. ##.....##
#÷.....# .# ##...##
#.###### ##+## #.# #.#
#.# # #.#########.#
##.##.##........#


You could see an orc priest.

Vanquished Creatures
  An adder (D:2)
  An ooze (D:2)
  A worm (D:2)
  2 dart slugs
  2 leopard geckos (D:1)
  2 orcs (D:3)
  4 giant cockroaches
  A goblin (D:1)
  9 hobgoblins
  2 quokkas
  7 bats
  5 frilled lizards
  3 kobolds
  A rat (D:3)
41 creatures vanquished.

Notes
Turn   | Place    | Note
-------+----------+-------------------------------------------
     0 | D:1      | Bapho the Deep Elf Wizard began the quest for the Orb.
     0 | D:1      | Reached XP level 1. HP: 10/10 MP: 7/7
   426 | D:1      | Reached XP level 2. HP: 15/15 MP: 6/9
   435 | D:1      | Reached skill level 5 in Spellcasting
   570 | D:1      | Learned a level 2 spell: Blink
   573 | D:1      | Learned a level 2 spell: Call Imp
   576 | D:1      | Learned a level 2 spell: Slow
  1261 | D:2      | Found a sparkling altar of Nemelex Xobeh.
  1267 | D:2      | Reached XP level 3. HP: 19/19 MP: 4/12
  1306 | D:2      | Learned a level 3 spell: Conjure Flame
  1310 | D:2      | Learned a level 3 spell: Mephitic Cloud
  1579 | D:2      | Found a radiant altar of Vehumet.
  1595 | D:2      | Became a worshipper of Vehumet
  2245 | D:2      | Reached skill level 6 in Spellcasting
  2306 | D:2      | Found an iron altar of Okawaru.
  2503 | D:3      | Reached XP level 4. HP: 24/24 MP: 9/14
  2510 | D:3      | Killed from afar by an orc priest

Skill      XL: |  1  2  3 |
---------------+----------+-----
Spellcasting   | 5 6 |  6.1
Conjurations   | 2 |  2.4
Dodging        | |  2.4
Stealth        | |  2.4
Summonings     | |  1.1
Translocations | |  1.1

Action                   |  1- 3 |  4- 6 || total
-------------------------+-------+-------++-------
Melee: Short sword       |    10 |       ||    10
 Cast: Magic Dart        |   106 |     2 ||   108
  Eat: Chunk             |     5 |       ||     5
Armor: Robe              |    11 |       ||    11
Dodge: Dodged            |    28 |       ||    28
